 Dungeon Crawl Stone Soup version 0.30.0-10-gfe55d96785 (webtiles) character file.

Game seed: 17293164453487632074

103835 croobank the Thaumaturge (level 16, -14/124 HPs)
             Began as a Gnoll Fire Elementalist on May 15, 2023.
             Was a Priest of Uskayaw.
             Demolished by Rupert
             ... wielding a +0 battleaxe of electrocution
              (38 damage)
             ... on level 2 of the Orcish Mines on May 16, 2023.
             The game lasted 02:26:07 (27902 turns).

croobank the Thaumaturge (Gnoll Fire Elementalist) Turns: 27902, Time: 02:26:07

Health: -14/124    AC: 20    Str: 11    XL:     16   Next: 37%
Magic:  2/31       EV: 16    Int: 24    God:    Uskayaw [***...]
Gold:   1708       SH:  7    Dex: 13    Spells: 7/38 levels left

rFire   + + .        a - +3 dagger (speed)
rCold   x . .        K - +1 buckler {AC+3}
rNeg    . . .        P - +2 leather armour {rF+}
rPois   .            k - +2 helmet
rElec   +            t - +1 cloak
rCorr   +            j - +2 pair of gloves
SInv    .            O - +0 pair of boots of the Elephant {Str+2}
Will    ++...        b - amulet of faith
Stlth   +++++        d - ring of Wobed {+Blink rElec Will+ rCorr Int+3}
HPRegen 0.40/turn    i - ring of fire
MPRegen 0.22/turn

%: faith
@: studying Poison Magic
A: fangs 1, strong nose, distributed training
a: Renounce Religion, Evoke Blink, Stomp, Line Pass


You were on level 2 of the Orcish Mines.
You worshipped Uskayaw.
Uskayaw was aware of your devotion.
You visited 3 branches of the dungeon, and saw 20 of its levels.
You also visited: Bailey and Gauntlet.

You collected 2074 gold pieces.
You spent 366 gold pieces at shops.

Inventory:

Hand Weapons
 a - a +3 dagger of speed (weapon)
 o - a +2 flail of holy wrath
 M - a +3 scimitar of flaming
 T - a +3 scimitar of freezing
 V - the +8 morningstar "Gedougof" {pain, rPois Dex+6}
   (You found it on level 9 of the Dungeon)

   Dex:       It affects your dexterity (+6).
   rPois:     It protects you from poison.
Missiles
 w - 11 silver javelins
 N - 8 curare-tipped darts
Armour
 j - a +2 pair of gloves (worn)
 k - a +2 helmet (worn)
 t - a +1 cloak (worn)
 y - a +0 troll leather armour
 K - a +1 buckler of protection (worn)
 O - the +0 pair of boots of the Elephant (worn) {Str+2}
   (You bought it in a shop on level 3 of the Dungeon)

   Str:       It affects your strength (+2).
 P - a +2 leather armour of fire resistance (worn)
Magical Staves
 f - a staff of cold
 S - a staff of conjuration
 W - the staff of fire "Rer Hos" {rElec rF+ rCorr Str-4}
   (You acquired it on level 1 of the Lair of Beasts)

   [staff of fire]

   Base accuracy: +5 Base damage: 5 Base attack delay: 1.2 This weapon's minimum
   attack delay (0.6) is reached at skill level 12.
   Str:       It affects your strength (-4).
   rF:        It protects you from fire.
   rElec:     It insulates you from electricity.
   rCorr:     It protects you from acid and corrosion.
   It falls into the 'Staves' category.
   It is a one-handed weapon.
Jewellery
 b - an amulet of faith (around neck)
 c - the ring of Jemisotu {rN+ MP+9 Int+3}
   (You acquired it on level 2 of the Dungeon)

   [ring of magical power]

   Int:       It affects your intelligence (+3).
   rN:        It protects you from negative energy.
   MP:        It affects your magic capacity (+9).
 d - the ring of Wobed (left hand) {+Blink rElec Will+ rCorr Int+3}
   (You found it in a Gauntlet)

   [ring of willpower]

   Int:       It affects your intelligence (+3).
   rElec:     It insulates you from electricity.
   +Blink:    It lets you blink.
   rCorr:     It protects you from acid and corrosion.
   Will:      It increases your willpower.
 i - a ring of fire (right hand)
 l - the ring of Alefe {rC+ Will+ Str+3 Int+2}
   (You found it in a Gauntlet)

   [ring of protection from cold]

   Str:       It affects your strength (+3).
   Int:       It affects your intelligence (+2).
   rC:        It protects you from cold.
   Will:      It increases your willpower.
 s - a +6 ring of intelligence
 x - a ring of wizardry
 A - an amulet of guardian spirit
 B - a ring of see invisible
 E - a ring of flight
 Q - a ring of positive energy
 U - a +6 ring of dexterity
Wands
 g - a wand of flame (33)
 C - a wand of digging (9)
 F - a wand of iceblast (1)
 R - a wand of paralysis (4)
Scrolls
 e - 12 scrolls of teleportation
 m - a scroll of fear
 D - 3 scrolls of fog
 H - a scroll of blinking
 Z - 2 scrolls of identify
Potions
 h - 2 potions of heal wounds
 n - 4 potions of lignification
 p - 5 potions of flight
 r - 13 potions of curing
 u - 4 potions of mutation
 v - 3 potions of attraction
 z - a potion of might
 I - a potion of resistance
 J - 2 potions of cancellation
 L - a potion of ambrosia
 X - a potion of haste
Miscellaneous
 G - a phial of floods


   Skills:
 + Level 10.7 Fighting
 + Level 10.7 Short Blades
 + Level 10.7 Long Blades
 + Level 10.7 Axes
 + Level 10.7 Maces & Flails
 + Level 10.7 Polearms
 + Level 10.7 Staves
 + Level 10.7 Ranged Weapons
 + Level 10.7 Throwing
 + Level 10.7 Armour
 + Level 11.6 Dodging
 + Level 11.5 Stealth
 + Level 10.7 Shields
 + Level 10.7 Unarmed Combat
 + Level 11.8 Spellcasting
 + Level 9.3 Conjurations
 + Level 9.0 Hexes
 + Level 9.0 Summonings
 + Level 9.0 Necromancy
 + Level 9.0 Translocations
 + Level 9.0 Transmutations
 + Level 10.5 Fire Magic
 + Level 9.0 Ice Magic
 + Level 9.0 Air Magic
 + Level 9.0 Earth Magic
 + Level 11.0 Poison Magic
 + Level 11.6 Invocations
 + Level 10.7 Evocations


You had 7 spell levels left.
You knew the following spells:

 Your Spells              Type           Power      Damage    Failure   Level
a - Foxfire               Conj/Fire      100%       2x1d9     1%          1
b - Scorch                Fire           100%       2d9       1%          2
c - Inner Flame           Hex/Fire       75%        N/A       1%          3
d - Flame Wave            Conj/Fire      75%        2d17      1%          4
e - Blink                 Tloc           100%       N/A       1%          2
f - Poisonous Vapours     Pois/Air       100%       N/A       1%          2
g - Mephitic Cloud        Conj/Pois/Air  57%        N/A       1%          3
h - Frozen Ramparts       Ice            100%       1d16      1%          3
i - Freezing Cloud        Conj/Ice/Air   27%        6-21      4%          5
j - Tukima's Dance        Hex            55%        N/A       1%          3
k - Summon Guardian Gole  Hex/Summ       55%        N/A       1%          3

Your spell library contained the following spells:

 Spells                   Type           Power      Damage    Failure   Level
 Apportation              Tloc           100%       N/A       1%          1
 Freeze                   Ice            100%       1d10      1%          1
 Magic Dart               Conj           100%       1d8       1%          1
 Summon Small Mammal      Summ           100%       N/A       1%          1
 Call Imp                 Summ           100%       N/A       1%          2
 Lesser Beckoning         Tloc           100%       N/A       1%          2
 Momentum Strike          Conj/Tloc      100%       3d10      1%          2
 Searing Ray              Conj           100%       2d8       1%          2
 Call Canine Familiar     Summ           55%        N/A       1%          3
 Gell's Gravitas          Tloc           55%        N/A       1%          3
 Hailstorm                Conj/Ice       55%        3d12      1%          3
 Portal Projectile        Hex/Tloc       100%       N/A       1%          3
 Teleport Other           Tloc           55%        N/A       1%          3
 Volatile Blastmotes      Fire/Tloc      100%       2d18      1%          3
 Cause Fear               Hex            27%        N/A       1%          4
 Fulminant Prism          Conj/Hex       27%        3d14      1%          4
 Alistair's Intoxication  Tmut/Pois      38%        N/A       3%          5
 Blade Hands              Tmut           27%        N/A       4%          5
 Borgnjor's Vile Clutch   Necr/Erth      27%        N/A       4%          5
 Yara's Violent Unravell  Hex/Tmut       27%        3d12      4%          5
 Eringya's Noxious Bog    Tmut/Pois      29%        N/A       17%         6
 Summon Cactus Giant      Summ           27%        N/A       26%         6
 Orb of Destruction       Conj           28%        9d9       77%         7
 Dragon Form              Tmut           27%        N/A       80%         7
 Enfeeble                 Hex            27%        N/A       80%         7
 Spellforged Servitor     Conj/Summ      27%        N/A       80%         7
 Dragon's Call            Summ           27%        N/A       100%        9


Dungeon Overview and Level Annotations

Branches:
Dungeon (13/15)            Temple (0/1) D:4            Lair (5/5) D:8
 Shoals (0/4) Lair:2        Snake (0/4) Lair:3        Slime (0/5) Lair:4
    Orc (2/2) D:11         Bailey (visited)         Gauntlet (visited)
    Elf: Orc:2       Vaults: D:13-14

Altars:
Cheibriados
Elyvilon
Fedhas
Gozag
Kikubaaqudgha
Makhleb
Nemelex Xobeh
Sif Muna
Trog
Uskayaw
Vehumet
Wu Jian
Xom
Zin
The Shining One
Jiyva

Shops:
D:1 *   D:3 *   D:5 =   D:8 =   Orc:2 :=

Portals:
Abyss: D:12

Annotations:
D:12 2 transporters, Naggiasi's ghost, journeyman KoBr
Orc:2 Rupert


Innate Abilities, Weirdness & Mutations

You have very sharp teeth.
Your uncanny sense of smell can sniff out nearby items.
Your experience applies equally to all skills.


Message History

You kill the orc priest!
Rupert completely misses you.
Rupert hits your guardian golem with a +0 battleaxe of electrocution!
Your guardian golem overheats!
You block Rupert's attack.
Rupert hits your guardian golem with a +0 battleaxe of electrocution!!
Your guardian golem disappears in a puff of smoke!
Your guardian golem explodes!
The fiery explosion engulfs Rupert!
Rupert is burned terribly!
You hear a shout! x2
Casting: Scorch (safe; 1% risk of failure)
Confirm with . or Enter, or press ? or * to list all spells.
You feel a surge of power!
Flames lash Rupert.
Rupert is burned terribly!
Rupert is lightly wounded.
Rupert is engulfed in blazing flames.
Rupert barely misses you.
Blink to where?
Press: ? - help, Dir - move target, p - Rupert
As you read the scroll of blinking, it crumbles to dust.
The orc priest shouts!
Rupert is engulfed in blazing flames.
Rupert hits you with a +0 battleaxe of electrocution!!
The orc priest looks satisfied for a moment.
An orc comes into view. It is wielding a +0 dagger.
Okay, then.
Aiming: Line Pass
Press: ? - help, Dir - move target Rupert appears confused.
The orc appears confused.
Rupert completely misses the orc.
Rupert hits himself with a +0 battleaxe of electrocution!!
Lightning courses through Rupert!
The orc hits Rupert but does no damage.
You block the orc's attack.
You puncture the orc!
The orc is almost dead.
You hit the orc.
You kill the orc!
Rupert seems less confused.
Rupert hits you with a +0 battleaxe of electrocution!
* * * LOW HITPOINT WARNING * * *
Rupert hits you with a +0 battleaxe of electrocution!!!
You die...

..................).
...^............).[. .
######..#######.###. o.
#∩...#..#.._..#.# #)
...
#....#..#.....#.###.
....
#....#..#.....#)[...
.....
#...§#..###'###[###.
......###§##[)[))).)..#
#.
......o.@@)...[8)))8..#
#.
......###'##..).).o...#
#. .....
....#..)..)........
....
#....#..###)###.####
... #∩...#..# #)# #.#
.. ######..# #.# #.# .
.... ... ... ..... ...
.. #....####..


You could see Rupert (berserk, very poisoned, combustible) and an orc.

Vanquished Creatures
  Kirke (D:11)
  Nessos (D:13)
  A minotaur (Gauntlet)
  2 fire dragons
  A great orb of eyes (Gauntlet)
  Josephine (D:9)
  Erolcha (D:12)
  Erica (D:9)
  2 hydras
  A two-headed ogre (D:11)
  A boulder beetle (Lair:2)
  11 death yaks
  2 tengu warriors (D:12)
  Urug (D:10)
  7 orc high priests
  Sonja (D:10)
  Amaemon (D:10)
  3 skysharks
  A fire crab (Gauntlet)
  A lindwurm (Lair:5)
  Pikel (D:4)
  A deep elf zephyrmancer (Bailey)
  A harpy (shapeshifter) (D:13)
  2 ugly things (Gauntlet)
  3 orc knights
  An orc sorcerer (Orc:1)
  2 deep elf pyromancers
  A manticore (D:12)
  A cyclops (D:13)
  4 elephants (Lair:5)
  2 molten gargoyles (Lair:5)
  An orange demon (D:10)
  7 black mambas
  Maurice (D:8)
  11 cane toads
  A torpor snail (Lair:5)
  An unseen horror (D:13)
  2 anaconda simulacra (D:11)
  4 rime drakes
  2 ice devils (D:11)
  13 komodo dragons
  5 trolls
  3 polar bears
  Prince Ribbit (Lair:1)
  Grinder (D:3)
  2 hornets
  7 dream sheep (Lair:4)
  18 blink frogs
  A snapping turtle (Lair:2)
  8 slime creatures
  6 wraiths
  39 yaks
  2 vampires
  7 basilisks
  2 fire bats (Gauntlet)
  4 wyverns
  A steam dragon (D:8)
  2 hogs
  6 acid dragons
  8 wargs
  7 vampire mosquitoes
  3 swamp worms (Gauntlet)
  13 water moccasins
  4 hell hounds (Lair:5)
  3 black bears
  25 orc warriors
  4 ice beasts
  3 sky beasts (D:7)
  5 ogres
  4 wolves
  4 centaurs
  2 lemures (D:4)
  7 kobold brigands
  6 bullfrogs
  A scorpion (D:6)
  16 wights
  11 killer bees (D:9)
  An elephant simulacrum (D:11)
  11 electric eels
  6 howler monkeys
  5 lava snakes (Lair:5)
  A hound (D:5)
  A gnoll bouda (D:4)
  31 orc priests
  2 iguanas
  3 jellies
  A sleepcap (D:6)
  19 orc wizards
  A troll simulacrum (D:11)
  A polar bear simulacrum (D:11)
  A spriggan simulacrum (D:11)
  4 adders
  8 gnolls
  A shadow imp (D:6)
  3 white imps
  An ufetubus (D:6)
  4 worms
  A dart slug (D:2)
  93 orcs
  12 ball pythons
  5 bats
  16 endoplasms
  2 giant cockroaches
  10 hobgoblins
  44 kobolds
  2 quokkas
  2 frilled lizards
  9 goblins
  8 rats
653 creatures vanquished.

Vanquished Creatures (collateral kills)
  19 foxfires
19 creatures vanquished.

Vanquished Creatures (others)
  A death yak (Lair:3)
  2 komodo dragons (Lair:5)
  A human (D:12)
  1047 foxfires
1051 creatures vanquished.

Grand Total: 1723 creatures vanquished

Notes
Turn   | Place    | Note
-------+----------+-------------------------------------------
     0 | D:1      | croobank the Gnoll Fire Elementalist began the quest for
                  | the Orb.
     0 | D:1      | Reached XP level 1. HP: 13/13 MP: 6/6
    28 | D:1      | Found a faded altar of an unknown god.
    38 | D:1      | Prayed at the altar of an unknown god.
    38 | D:1      | Became a worshipper of Uskayaw the Reveller
    38 | D:1      | Reached * piety under Uskayaw
   138 | D:1      | Reached ** piety under Uskayaw
   254 | D:1      | Reached XP level 2. HP: 19/19 MP: 7/7
   258 | D:1      | Learned a level 2 spell: Scorch
   905 | D:1      | Found Eqesaergh's General Store.
  1095 | D:2      | Reached skill level 5 in Spellcasting
  1095 | D:2      | Reached XP level 3. HP: 25/25 MP: 4/9
  1099 | D:2      | Learned a level 3 spell: Inner Flame
  1275 | D:2      | Reached skill level 1 in Invocations
  1281 | D:2      | Reached skill level 1 in Fighting
  1281 | D:2      | Reached skill level 1 in Short Blades
  1281 | D:2      | Reached skill level 1 in Long Blades
  1281 | D:2      | Reached skill level 1 in Axes
  1281 | D:2      | Reached skill level 1 in Maces & Flails
  1281 | D:2      | Reached skill level 1 in Polearms
  1281 | D:2      | Reached skill level 1 in Staves
  1281 | D:2      | Reached skill level 1 in Ranged Weapons
  1281 | D:2      | Reached skill level 1 in Throwing
  1281 | D:2      | Reached skill level 1 in Armour
  1281 | D:2      | Reached skill level 1 in Shields
  1281 | D:2      | Reached skill level 1 in Unarmed Combat
  1281 | D:2      | Reached skill level 1 in Evocations
  1476 | D:2      | Learned a level 2 spell: Blink
  1561 | D:2      | Reached XP level 4. HP: 32/32 MP: 6/11
  1649 | D:2      | Identified a scroll of acquirement
  1649 | D:2      | Acquired the ring of Jemisotu {rN+ MP+9 Int+3}
  1884 | D:2      | Reached skill level 1 in Hexes
  1884 | D:2      | Reached skill level 1 in Summonings
  1884 | D:2      | Reached skill level 1 in Necromancy
  1884 | D:2      | Reached skill level 1 in Translocations
  1884 | D:2      | Reached skill level 1 in Transmutations
  1884 | D:2      | Reached skill level 1 in Ice Magic
  1884 | D:2      | Reached skill level 1 in Air Magic
  1884 | D:2      | Reached skill level 1 in Earth Magic
  1884 | D:2      | Reached skill level 1 in Poison Magic
  2260 | D:3      | Found a transporter.
  2262 | D:3      | Found Beog's General Store.
  2398 | D:3      | Reached XP level 5. HP: 23/37 MP: 12/12
  2403 | D:3      | Reached *** piety under Uskayaw
  2696 | D:3      | Noticed Grinder
  2700 | D:3      | Paralysed by Grinder for 5 turns
  2708 | D:3      | Killed Grinder
  2709 | D:3      | Reached skill level 5 in Dodging
  2709 | D:3      | Reached XP level 6. HP: 34/44 MP: 8/14
  3038 | D:3      | Found a transporter.
  3050 | D:3      | Bought a scroll of identify for 26 gold pieces
  3050 | D:3      | Bought a potion of curing for 39 gold pieces
  3050 | D:3      | Bought a scroll of enchant armour for 97 gold pieces
  3146 | D:3      | Identified the +0 scale mail "Adidotu" {Harm rC+ Int-3}
  3356 | D:4      | Reached XP level 7. HP: 50/50 MP: 10/15
  3784 | D:4      | Noticed Pikel
  3799 | D:4      | Killed Pikel
  3800 | D:4      | Reached skill level 5 in Stealth
  3800 | D:4      | Reached XP level 8. HP: 48/58 MP: 11/16
  4063 | D:4      | Identified the +1 plate armour "Kil Anun" {Int+5}
  4163 | D:4      | Found a staircase to the Ecumenical Temple.
  4533 | D:5      | Entered Level 5 of the Dungeon
  4551 | D:5      | Found Omoklood's Jewellery Boutique.
  5143 | D:5      | Found a shimmering blue altar of Sif Muna.
  5144 | D:5      | Found a white marble altar of Elyvilon.
  5144 | D:5      | Found a bloodstained altar of Trog.
  5144 | D:5      | Found a shimmering altar of Xom.
  5144 | D:5      | Found an ornate altar of the Wu Jian Council.
  5145 | D:5      | Found a snail-covered altar of Cheibriados.
  5147 | D:5      | Found a glowing silver altar of Zin.
  5148 | D:5      | Found a glowing golden altar of the Shining One.
  5149 | D:5      | Found a blossoming altar of Fedhas.
  5472 | D:6      | Reached **** piety under Uskayaw
  5641 | D:6      | Reached XP level 9. HP: 60/65 MP: 18/18
  6033 | D:6      | Reached ***** piety under Uskayaw
  6740 | D:6      | Reached skill level 5 in Invocations
  7087 | D:3      | Bought the +0 pair of boots of the Elephant {Str+2} for 204
                  | gold pieces
  7219 | D:7      | Learned a level 4 spell: Flame Wave
  7288 | D:7      | You fall into a shaft and drop 1 floor!
  7358 | D:7      | Learned a level 2 spell: Poisonous Vapours
  7889 | D:7      | Reached skill level 5 in Fighting
  7889 | D:7      | Reached skill level 5 in Short Blades
  7889 | D:7      | Reached skill level 5 in Long Blades
  7889 | D:7      | Reached skill level 5 in Axes
  7889 | D:7      | Reached skill level 5 in Maces & Flails
  7889 | D:7      | Reached skill level 5 in Polearms
  7889 | D:7      | Reached skill level 5 in Staves
  7889 | D:7      | Reached skill level 5 in Ranged Weapons
  7889 | D:7      | Reached skill level 5 in Throwing
  7889 | D:7      | Reached skill level 5 in Armour
  7889 | D:7      | Reached skill level 5 in Shields
  7889 | D:7      | Reached skill level 5 in Unarmed Combat
  7889 | D:7      | Reached skill level 5 in Evocations
  7889 | D:7      | Reached XP level 10. HP: 74/74 MP: 20/20
  8523 | D:8      | Found an opulent altar of Gozag.
  8524 | D:8      | Found a sparkling altar of Nemelex Xobeh.
  8607 | D:8      | Reached skill level 5 in Conjurations
  8679 | D:8      | Found a staircase to the Lair.
  8684 | D:8      | Noticed a death yak
  8684 | D:8      | Noticed a death yak
  8690 | D:8      | Learned a level 3 spell: Mephitic Cloud
  8878 | D:8      | Noticed a death yak
  8879 | D:8      | Noticed a death yak
  8880 | D:8      | Noticed a death yak
  8881 | D:8      | Noticed a death yak
  8882 | D:8      | Noticed a death yak
  8905 | D:7      | Killed a death yak
  9090 | D:8      | Noticed Maurice
  9090 | D:8      | Found Bexufe's Jewellery Shop.
  9101 | D:8      | Killed Maurice
  9416 | D:7      | Killed a death yak
  9643 | D:8      | Killed a death yak
  9644 | D:8      | Reached skill level 5 in Hexes
  9644 | D:8      | Reached skill level 5 in Summonings
  9644 | D:8      | Reached skill level 5 in Necromancy
  9644 | D:8      | Reached skill level 5 in Translocations
  9644 | D:8      | Reached skill level 5 in Transmutations
  9644 | D:8      | Reached skill level 5 in Ice Magic
  9644 | D:8      | Reached skill level 5 in Air Magic
  9644 | D:8      | Reached skill level 5 in Earth Magic
  9644 | D:8      | Reached skill level 5 in Poison Magic
  9644 | D:8      | Reached XP level 11. HP: 11/81 MP: 0/23
  9896 | D:7      | Killed a death yak
  9978 | D:7      | Killed a death yak
 10274 | D:7      | Killed a death yak
 10370 | D:8      | Killed a death yak
 10549 | D:8      | Found a radiant altar of Vehumet.
 10626 | D:8      | Learned a level 3 spell: Frozen Ramparts
 10632 | D:8      | Learned a level 5 spell: Freezing Cloud
 11148 | D:9      | Found a burning altar of Makhleb.
 11148 | D:9      | Found an ancient bone altar of Kikubaaqudgha.
 11277 | D:9      | Noticed Erica
 11286 | D:9      | Killed Erica
 12005 | D:9      | Identified the +8 morningstar "Gedougof" {pain, rPois
                  | Dex+6}
 12218 | D:10     | Entered Level 10 of the Dungeon
 12231 | D:10     | Noticed Josephine
 12242 | D:9      | Killed Josephine
 12309 | D:10     | Reached XP level 12. HP: 73/91 MP: 13/24
 12488 | D:10     | Noticed Amaemon
 12505 | D:10     | Killed Amaemon
 12648 | D:10     | Noticed Urug
 12722 | D:10     | Found a flagged portal.
 12735 | Bailey   | Entered a bailey
 12741 | Bailey   | Learned a level 3 spell: Tukima's Dance
 12795 | Bailey   | Found a large runed translucent door.
 12795 | Bailey   | Found a large runed translucent door.
 12818 | Bailey   | Found the +15 Maxwell's patent armour {-Cast -Tele rElec
                  | Will+ rCorr}
 13390 | D:10     | Killed Urug
 13435 | D:10     | Noticed Sonja
 13487 | D:10     | Killed Sonja
 13894 | D:11     | Found a staircase to the Orcish Mines.
 14098 | D:11     | Noticed a fire dragon
 14482 | D:11     | Noticed a two-headed ogre
 14494 | D:11     | Killed a two-headed ogre
 14722 | D:11     | Reached ****** piety under Uskayaw
 14899 | D:11     | Identified the +5 scale mail of Vydaxko {rElec rN+ rCorr}
 15093 | D:11     | Killed a fire dragon
 15253 | D:12     | Reached XP level 13. HP: 87/98 MP: 9/26
 15263 | D:12     | Noticed Kirke
 15773 | D:11     | Killed Kirke
 16844 | D:12     | Noticed Erolcha
 16849 | D:12     | Killed Erolcha
 17050 | D:12     | Found a one-way gate to the infinite horrors of the Abyss.
 17050 | D:12     | Noticed Naggiasi's ghost (journeyman KoBr)
 17062 | D:12     | Found a transporter.
 17111 | D:12     | Found a transporter.
 17710 | D:13     | Reached skill level 10 in Spellcasting
 17915 | D:13     | Noticed Nessos
 17926 | D:13     | Killed Nessos
 18401 | Orc:1    | Entered Level 1 of the Orcish Mines
 18414 | Orc:1    | Reached skill level 10 in Dodging
 19046 | Orc:2    | Entered Level 2 of the Orcish Mines
 19155 | Lair:1   | Entered Level 1 of the Lair of Beasts
 19155 | Lair:1   | Noticed Prince Ribbit
 19172 | Lair:1   | Killed Prince Ribbit
 19383 | Lair:1   | Acquired the staff of fire "Rer Hos" {rElec rF+ rCorr
                  | Str-4}
 19698 | Lair:1   | Reached skill level 10 in Stealth
 20214 | Lair:2   | Reached XP level 14. HP: 62/108 MP: 13/28
 20216 | Lair:2   | Reached skill level 10 in Invocations
 20932 | Lair:2   | Found a staircase to the Shoals.
 21213 | Lair:3   | Found a staircase to the Snake Pit.
 21222 | Lair:3   | Found a gate leading to a gauntlet.
 21258 | Gauntlet | Entered a Gauntlet
 21258 | Gauntlet | Found a transporter.
 21258 | Gauntlet | Found a transporter.
 21258 | Gauntlet | Found a runed translucent gate.
 21262 | Gauntlet | Found a runed translucent gate.
 21264 | Gauntlet | Found a transporter.
 21265 | Gauntlet | Found a transporter.
 21266 | Gauntlet | Found a runed translucent gate.
 21268 | Gauntlet | Found a transporter.
 21268 | Gauntlet | Found a transporter.
 21316 | Gauntlet | Found a transporter.
 21320 | Gauntlet | Found a transporter.
 21328 | Gauntlet | Found a transporter.
 21341 | Gauntlet | Noticed a cacodemon
 21344 | Gauntlet | Found a transporter.
 21362 | Gauntlet | Found a transporter.
 21362 | Gauntlet | Found a transporter.
 21508 | Gauntlet | Identified the ring of Wobed {+Blink rElec Will+ rCorr
                  | Int+3}
 21669 | Gauntlet | Learned a level 3 spell: Summon Guardian Golem
 21691 | Gauntlet | Identified the ring of Alefe {rC+ Will+ Str+3 Int+2}
 22011 | Gauntlet | Identified the staff of cold "Irarghoi" {*Corrode rPois rC+
                  | Str+9 Int-3}
 23873 | Lair:4   | Found a viscous altar of Jiyva.
 23873 | Lair:4   | Found a staircase to the Slime Pits.
 24001 | Lair:4   | Reached skill level 10 in Fighting
 24001 | Lair:4   | Reached skill level 10 in Short Blades
 24001 | Lair:4   | Reached skill level 10 in Long Blades
 24001 | Lair:4   | Reached skill level 10 in Axes
 24001 | Lair:4   | Reached skill level 10 in Maces & Flails
 24001 | Lair:4   | Reached skill level 10 in Polearms
 24001 | Lair:4   | Reached skill level 10 in Staves
 24001 | Lair:4   | Reached skill level 10 in Ranged Weapons
 24001 | Lair:4   | Reached skill level 10 in Throwing
 24001 | Lair:4   | Reached skill level 10 in Armour
 24001 | Lair:4   | Reached skill level 10 in Shields
 24001 | Lair:4   | Reached skill level 10 in Unarmed Combat
 24001 | Lair:4   | Reached skill level 10 in Fire Magic
 24001 | Lair:4   | Reached skill level 10 in Poison Magic
 24001 | Lair:4   | Reached skill level 10 in Evocations
 24001 | Lair:4   | Reached XP level 15. HP: 115/115 MP: 30/30
 24697 | Lair:5   | Entered Level 5 of the Lair of Beasts
 25216 | Lair:5   | Reached XP level 16. HP: 72/123 MP: 22/31
 25794 | Lair:5   | Found a large runed translucent door.
 25795 | Lair:5   | Found a large runed translucent door.
 27885 | Orc:2    | Found Buag's Jewellery Boutique.
 27885 | Orc:2    | Found Iplinut's Book Shoppe.
 27885 | Orc:2    | Noticed Rupert
 27902 | Orc:2    | Demolished by Rupert

Illustrated notes

Levels and vault maps discovered:
D:1:      spicycebolla_arrival_risky_transporter, layout_loops_cross,
          dreamdust_ecumenical_altar_hidden_monk_grotto, serial_shops,
          nicolae_shop_real_fake_doors
D:2:      layout_basic
D:3:      cheibrodos_fertilizer, layout_rooms, serial_shops,
          nicolae_shop_drivethru, minmay_crystal_water, minmay_starry_boxes,
          uniq_grinder
D:4:      layout_loops_corners, minmay_temple_entry_proselytizer, uniq_pikel
D:5:      layout_loops_ring, minitemple, serial_shops, nicolae_shop_waterfront,
          grunt_decor_clamped
D:6:      layout_loops_ring, serial_bayou, serial_bayou_lagoon_a,
          serial_bayou_pond_d, serial_bayou_pond_a, serial_bayou_pond_d,
          serial_bayou_pond_c, serial_bayou_crossing, minmay_crossroads
D:7:      layout_layer_cave
D:8:      layout_cave_pods, grunt_temple_overflow_opulence,
          nicolae_vehumet_altar_sigil, dpeg_lair_monsters, serial_column_ruins,
          column_ruins_circle_medium, column_ruins_open_small,
          column_ruins_grid_1, column_ruins_grid_1, column_ruins_open_small,
          column_ruins_corridor_straight, column_ruins_open_tiny, serial_shops,
          shop, uniq_maurice
D:9:      layout_long_grid, chequers_temple_overflow_statue_of_worship,
          uniq_erica
D:10:     layout_rooms, enter_bailey_5, uniq_josephine, uniq_sonja, uniq_urug,
          uniq_amaemon
D:11:     dreamdust_isle_of_ice, layout_cave_pools, david_orc_2,
          kennysheep_island_fort
D:12:     layout_gridville, gammafunk_ghost_abyssal_escape, serial_rivers,
          chequers_serial_rivers_micro_e, chequers_serial_rivers_room_a,
          chequers_serial_rivers_small_a, chequers_serial_rivers_room_b,
          chequers_serial_rivers_small_a, chequers_serial_rivers_micro_e,
          uniq_kirke, uniq_erolcha
D:13:     minmay_elf_outpost, layout_basic, david_vaults_1, uniq_nessos
Lair:1:   layout_hall_layers, uniq_prince_ribbit2
Lair:2:   layout_misc_corridors, minmay_shoals_entry_hut, serial_bayou_lake_a
Lair:3:   layout_loops_ring, dummy_snake_entry, portal_ice_cave_entry_pillars_1,
          gauntlet_entry_generic, serial_bayou_shore_a, lemuel_fruit_tree
Lair:4:   layout_roguey, slime_entry_1, infiniplex_staircase_pool
Lair:5:   cheibrodos_lair_end_hotspot, layout_hall_layers
Orc:1:    layout_diamond_mine, nicolae_orc_lost_temple
Orc:2:    st_orc_town, layout_caves, uniq_rupert

Skill      XL: |  1  2  3  4  5  6  7  8  9 10 11 12 13 14 15 16 |
---------------+-------------------------------------------------+-----
Conjurations   | 2 3 4 5 6 7 8 9 |  9.3
Spellcasting   | 5 6 7 8 9 10 11 | 11.8
Invocations    | 1 2 3 4 5 6 7 8 9 11 | 11.6
Fighting       | 1 2 3 5 6 7 8 9 10 | 10.7
Short Blades   | 1 2 3 5 6 7 8 9 10 | 10.7
Long Blades    | 1 2 3 5 6 7 8 9 10 | 10.7
Axes           | 1 2 3 5 6 7 8 9 10 | 10.7
Maces & Flails | 1 2 3 5 6 7 8 9 10 | 10.7
Polearms       | 1 2 3 5 6 7 8 9 10 | 10.7
Staves         | 1 2 3 5 6 7 8 9 10 | 10.7
Ranged Weapons | 1 2 3 5 6 7 8 9 10 | 10.7
Throwing       | 1 2 3 5 6 7 8 9 10 | 10.7
Armour         | 1 2 3 5 6 7 8 9 10 | 10.7
Shields        | 1 2 3 5 6 7 8 9 10 | 10.7
Unarmed Combat | 1 2 3 5 6 7 8 9 10 | 10.7
Evocations     | 1 2 3 5 6 7 8 9 10 | 10.7
Hexes          | 1 2 3 4 5 6 7 8 9 |  9.0
Summonings     | 1 2 3 4 5 6 7 8 9 |  9.0
Necromancy     | 1 2 3 4 5 6 7 8 9 |  9.0
Translocations | 1 2 3 4 5 6 7 8 9 |  9.0
Transmutations | 1 2 3 4 5 6 7 8 9 |  9.0
Ice Magic      | 1 2 3 4 5 6 7 8 9 |  9.0
Air Magic      | 1 2 3 4 5 6 7 8 9 |  9.0
Earth Magic    | 1 2 3 4 5 6 7 8 9 |  9.0
Poison Magic   | 1 2 3 4 5 7 8 10 11 | 11.0
Dodging        | 5 6 7 8 9 10 11 | 11.6
Stealth        | 5 6 7 8 9 10 11 | 11.5
Fire Magic     | 6 7 8 9 10 | 10.5

Action                     |  1- 3 |  4- 6 |  7- 9 | 10-12 | 13-15 | 16-18 || total
---------------------------+-------+-------+-------+-------+-------+-------++-------
  Melee: Dagger            |    24 |    41 |    73 |    11 |   142 |   138 ||   429
         Bite              |     2 |     4 |     9 |    22 |    24 |    35 ||    96
         Punch             |       |       |     4 |     4 |     1 |       ||     9
         Hand axe          |       |       |       |    30 |       |       ||    30
         Spear             |       |       |       |    10 |       |       ||    10
         Morningstar       |       |       |       |    79 |    21 |    24 ||   124
         Scimitar          |       |       |       |    13 |    11 |       ||    24
         Staff             |       |       |       |       |    18 |     7 ||    25
   Fire: Sling             |       |       |     3 |       |       |       ||     3
         Arbalest          |       |       |       |     7 |       |       ||     7
   Cast: Foxfire           |    34 |    38 |   111 |   200 |   191 |    35 ||   609
         Scorch            |     9 |    39 |    85 |   140 |   182 |    41 ||   496
         Inner Flame       |       |       |     4 |     7 |    11 |     9 ||    31
         Blink             |       |       |     2 |     5 |     4 |     2 ||    13
         Flame Wave        |       |       |     1 |    13 |    30 |    19 ||    63
         Poisonous Vapours |       |       |       |    24 |    22 |    20 ||    66
         Mephitic Cloud    |       |       |       |     5 |     8 |       ||    13
         Freezing Cloud    |       |       |       |     7 |     8 |    12 ||    27
         Frozen Ramparts   |       |       |       |       |    13 |     4 ||    17
         Summon Guardian G |       |       |       |       |     3 |     3 ||     6
 Invoke: Stomp             |       |     1 |       |       |     1 |       ||     2
         Line Pass         |       |       |       |       |     2 |     1 ||     3
  Evoke: Wand              |       |       |       |     1 |       |       ||     1
    Use: Scroll            |       |     7 |     7 |     5 |    13 |     1 ||    33
         Potion            |       |       |     5 |     1 |     7 |     2 ||    15
   Stab: Sleeping          |     7 |     6 |     6 |     4 |     9 |       ||    32
         Paralysed         |       |     1 |     1 |     9 |    35 |    14 ||    60
         Confused          |       |       |       |       |     4 |       ||     4
 Armour: Leather armour    |     9 |    15 |    34 |     4 |    54 |    41 ||   157
         Steam dragon scal |       |       |       |    89 |    73 |       ||   162
  Dodge: Dodged            |    11 |    23 |    64 |   269 |   218 |    89 ||   674
  Block: Buckler           |       |       |       |       |   106 |    69 ||   175
